 Dungeon Crawl Stone Soup version 0.18.1-6-gd335043 (webtiles) character file.

19165 MTVSty1e the Fighter (level 12, -5/115 HPs)
             Began as a Minotaur Fighter on May 16, 2016.
             Was a High Priest of Okawaru.
             Slain by a sixfirhy (8 damage)
             ... summoned by an orc sorcerer
             ... while paralysed by an orc sorcerer
             ... on level 2 of the Orcish Mines.
             The game lasted 00:45:31 (11545 turns).

MTVSty1e the Fighter (Minotaur Fighter)            Turns: 11545, Time: 00:45:31

Health: -5/115     AC: -3    Str: 27    XL:     12   Next: 34%
Magic:  15/15      EV:  2    Int: 10    God:    Okawaru [*****.]
Gold:   1141       SH:  0    Dex:  9    Spells: 0 memorised, 11 levels left

rFire  + . .     SeeInvis .     g - +2 hand axe (flame)
rCold  . . .     Gourm    .     k - +0 plate armour
rNeg   . . .     Faith    .     N - +2 shield
rPois  .         Spirit   .     (helmet restricted)
rElec  .         Dismiss  .     (no cloak)
rCorr  .         Reflect  .     R - +2 pair of gloves {archery}
SustAt .         Harm     .     (no boots)
MR     .....                    m - amulet of rage
Stlth  ..........               I - +5 ring of intelligence
                                B - ring of protection from fire

@: paralysed, corroded, heavily drained, not resistant to hostile enchantments,
extremely unstealthy
A: retaliatory headbutt, horns 2
a: Heroism, Finesse, Renounce Religion, Evoke Berserk Rage


You were on level 2 of the Orcish Mines.
You worshipped Okawaru.
Okawaru was extremely pleased with you.
You were not hungry.

You visited 3 branches of the dungeon, and saw 15 of its levels.
You also visited: Labyrinth.

You collected 1141 gold pieces.

Inventory:

Hand Weapons
 a - a +1 war axe
 g - a +2 hand axe of flaming (weapon)
 x - a +0 battleaxe
 J - a +0 bardiche of venom
 K - a +1 spear
Missiles
 M - 7 javelins of penetration (quivered)
Armour
 b - a +0 scale mail
 c - a +0 shield
 h - a +1 scale mail of poison resistance
 j - a +1 scale mail of magic resistance
 k - a +0 plate armour (worn)
 N - a +2 shield (worn)
 R - a +2 pair of gloves of archery (worn)
Jewellery
 d - the amulet of Nobility {Faith Int+4, unknown}
   (You took it off a minotaur in a labyrinth)

   [amulet of faith]

   It allows you to gain divine favour quickly.
   It affects your intelligence (+4).
 l - an uncursed amulet of faith
 m - an amulet of rage (around neck)
 t - a cursed ring of stealth {unknown}
 B - a ring of protection from fire (left hand)
 I - a +5 ring of intelligence (right hand)
 O - a +4 ring of intelligence
Wands
 y - a wand of flame (15/48)
 A - a wand of lightning (6/15)
 E - a wand of teleportation (2/9)
Scrolls
 e - 9 scrolls of remove curse
 i - a scroll of enchant weapon
 n - 6 scrolls of teleportation
 q - 2 scrolls of blinking
 C - a scroll of recharging
 H - a scroll of magic mapping
 L - a scroll of identify
Potions
 p - 3 potions of curing
 r - a potion of mutation {unknown}
 s - 2 potions of berserk rage
 u - a potion of might
 v - 6 potions of agility
 w - 2 potions of lignification {unknown}
 z - a potion of haste {unknown}
 D - 2 potions of heal wounds {unknown}
 F - a potion of cure mutation {unknown}
 Q - a potion of ambrosia {unknown}
Comestibles
 f - 2 bread rations
 o - 5 meat rations
 G - 7 slices of pizza


   Skills:
 * Level 13.4(10.2) Fighting
 + Level 9.8(6.9) Axes
 + Level 10.1(7.2) Armour
 + Level 8.2(5.4) Dodging
 + Level 9.9(7.0) Shields
 + Level 3.9(1.4) Invocations
 - Level 6.0(3.4) Evocations


You had 11 spell levels left.
You didn't know any spells.

Dungeon Overview and Level Annotations

Branches:
Dungeon (12/15)            Temple (1/1) D:4            Lair (0/8) D:10
    Orc (2/2) D:12
    Elf: Orc:2

Altars:
Ashenzari
Cheibriados
Dithmenos
Elyvilon
Fedhas
Gozag
Kikubaaqudgha
Makhleb
Nemelex Xobeh
Okawaru
Pakellas
Qazlal
Ru
Sif Muna
Trog
Vehumet
Xom
Yredelemnul
Zin
The Shining One

Shops:
D:5 ?

Annotations:
D:10 Josephine


Innate Abilities, Weirdness & Mutations

You reflexively headbutt those who attack you in melee.
You have a pair of horns on your head.


Message History

The orc sorcerer casts a spell at you.
You suddenly lose the ability to move!
The rust devil hits you. The rust devil corrodes you!
The orc sorcerer points at you and mumbles some strange words.
The bolt of negative energy hits you!
You feel drained. The rust devil hits you. The rust devil corrodes you!
The orc sorcerer hits you but does no damage.
The rust devil hits you. The rust devil corrodes you!
The orc sorcerer hits you but does no damage.
The rust devil hits you. The rust devil corrodes you!
The orc sorcerer gestures wildly while chanting.
The sixfirhy hits you! The sixfirhy shocks you! The rust devil hits you.
The rust devil corrodes you! The orc sorcerer casts a spell at you.
The bolt of negative energy hits you!
You feel drained.
* * * LOW HITPOINT WARNING * * *
The sixfirhy hits you!
* * * LOW HITPOINT WARNING * * *
The sixfirhy shocks you!
You die...

#..........###
#..........#.#
............# ##
.....#.#.....##.##
..#####.........#
.. ###.........
#...<...##.
#......## #...@.##
......4o4#
.........#
#.......#.
.....#.....
..$.......##
........$##
..........


You could see a rust devil, a sixfirhy and an orc sorcerer.

Vanquished Creatures
  A minotaur (Lab)
  Erica (D:9)
  A hydra (D:11)
  2 centaur warriors
  2 deep elf knights (D:12)
  Urug (D:11)
  Nergalle (D:10)
  An unseen horror (D:10)
  2 hill giants
  A wizard (D:12)
  An orc knight (D:12)
  An ugly thing (D:10)
  2 cyclopes
  Joseph (D:9)
  2 komodo dragons (D:12)
  A troll (D:10)
  A minotaur skeleton (Lab)
  A two-headed ogre (D:10)
  Prince Ribbit (D:5)
  A wraith (D:11)
  A wyvern (D:9)
  A hungry ghost (D:10)
  4 yaks (D:11)
  Grum (D:9)
  2 hippogriffs
  A basilisk (Lab)
  Duvessa (D:5)
  2 black bears
  5 orc warriors
  3 sky beasts
  2 eyes of draining
  6 ice beasts
  A necrophage (D:12)
  3 ogres
  5 centaurs
  2 wolves (D:9)
  A big kobold (D:10)
  Blork the orc (D:4)
  8 giant frogs
  Dowan (D:5)
  A scorpion (D:8)
  A wyvern skeleton (D:9)
  17 killer bees
  4 howler monkeys
  4 crimson imps
  2 giant frog zombies (D:12)
  A quasit (D:9)
  7 hounds
  17 orc priests
  3 centaur skeletons
  5 giant frog skeletons
  2 iguanas
  17 orc wizards
  9 worker ants
  6 sheep
  2 hound skeletons
  14 adders
  6 shadow imps
  An ooze (D:1)
  2 adder skeletons
  3 worms
  2 giant geckos (D:4)
  48 orcs
  A ball python (D:4)
  6 bats
  5 giant cockroaches
  12 goblins
  9 hobgoblins
  5 jackals
  7 kobolds
  5 quokkas
  A giant cockroach zombie (D:6)
  A giant gecko skeleton (D:4)
  5 giant newts
  A jackal skeleton (D:5)
  6 rats
  A plant (D:10)
315 creatures vanquished.

Notes
Turn   | Place    | Note
--------------------------------------------------------------
     0 | D:1      | MTVSty1e the Minotaur Fighter began the quest for the Orb.
     0 | D:1      | Reached XP level 1. HP: 19/19 MP: 0/0
    89 | D:1      | Reached XP level 2. HP: 25/27 MP: 1/1
   274 | D:1      | Reached skill level 1 in Dodging
   372 | D:1      | Reached XP level 3. HP: 32/33 MP: 2/2
   572 | D:2      | Reached skill level 4 in Fighting
  1034 | D:2      | Reached XP level 4. HP: 35/41 MP: 3/3
  1552 | D:3      | Found an ancient bone altar of Kikubaaqudgha.
  1579 | D:3      | Reached XP level 5. HP: 46/47 MP: 4/4
  1588 | D:3      | Found a shadowy altar of Dithmenos.
  1645 | D:3      | Reached skill level 5 in Fighting
  2043 | D:4      | Noticed an orc warrior
  2057 | D:4      | Killed an orc warrior
  2057 | D:4      | Reached XP level 6. HP: 55/56 MP: 5/5
  2177 | D:4      | Reached skill level 1 in Evocations
  2312 | D:4      | Found a staircase to the Ecumenical Temple.
  2325 | Temple   | Entered the Ecumenical Temple
  2465 | D:4      | Noticed Blork the orc
  2476 | D:4      | Killed Blork the orc
  2476 | D:4      | Reached skill level 6 in Fighting
  2476 | D:4      | Reached skill level 5 in Armour
  2476 | D:4      | Reached skill level 5 in Shields
  2586 | D:4      | Found a glowing silver altar of Zin.
  2634 | D:4      | Noticed a sky beast
  2651 | D:4      | Killed a sky beast
  2651 | D:4      | Reached XP level 7. HP: 62/63 MP: 7/7
  3063 | D:5      | Entered Level 5 of the Dungeon
  3078 | D:5      | Found a stormy altar of Qazlal.
  3149 | D:5      | Noticed Duvessa
  3150 | D:5      | Noticed Dowan
  3163 | D:5      | Killed Duvessa
  3172 | D:5      | Killed Dowan
  3172 | D:5      | Reached skill level 7 in Fighting
  3173 | D:5      | Reached XP level 8. HP: 31/73 MP: 7/9
  3468 | D:5      | Noticed Prince Ribbit
  3536 | D:5      | Reached skill level 5 in Axes
  3542 | D:5      | Found a sacrificial altar of Ru.
  3624 | D:5      | Found a shattered altar of Ashenzari.
  3766 | D:5      | Killed Prince Ribbit
  3766 | D:5      | Reached skill level 8 in Fighting
  3907 | D:5      | Found Qafopi's Magic Scroll Boutique.
  3984 | D:5      | Found a basalt altar of Yredelemnul.
  3984 | D:5      | Found an iron altar of Okawaru.
  3985 | D:5      | Found a bloodstained altar of Trog.
  3987 | D:5      | Found an opulent altar of Gozag.
  3987 | D:5      | Found a white marble altar of Elyvilon.
  3997 | D:5      | Became a worshipper of Warmaster Okawaru
  4316 | D:6      | Reached XP level 9. HP: 67/82 MP: 10/10
  4423 | D:6      | Found a snail-covered altar of Cheibriados.
  4656 | D:6      | Got a spiked scale mail
  4658 | D:6      | Identified the cursed +1 scale mail of the Depths {rF- Int+6 Stlth+} (You found it on level 6 of the Dungeon)
  4772 | D:7      | Found a radiant altar of Vehumet.
  4782 | D:7      | Reached * piety under Okawaru
  4904 | D:7      | Reached skill level 9 in Fighting
  5199 | D:7      | Found an oddly glowing altar of Pakellas.
  5567 | D:8      | Reached skill level 5 in Dodging
  5666 | D:8      | Reached ** piety under Okawaru
  6180 | D:8      | Reached skill level 10 in Fighting
  6411 | D:9      | Reached XP level 10. HP: 88/93 MP: 12/12
  6545 | D:9      | Noticed Erica
  6563 | D:9      | Killed Erica
  6563 | D:9      | Reached *** piety under Okawaru
  6563 | D:9      | Reached skill level 5 in Evocations
  6758 | D:9      | Noticed Joseph
  6777 | D:9      | Killed Joseph
  7117 | D:9      | Noticed Grum
  7135 | D:9      | Killed Grum
  7548 | D:10     | Entered Level 10 of the Dungeon
  7551 | D:10     | Noticed Nergalle
  7553 | D:10     | Found a staircase to the Lair.
  7573 | D:10     | Killed Nergalle
  7806 | D:10     | Killed an unseen horror
  7806 | D:10     | Reached **** piety under Okawaru
  7806 | D:10     | Reached skill level 11 in Fighting
  8007 | D:10     | Received a gift from Okawaru
  8069 | D:10     | Noticed a green ugly thing
  8075 | D:10     | Killed a green ugly thing
  8075 | D:10     | Received a gift from Okawaru
  8075 | D:10     | Reached XP level 11. HP: 102/102 MP: 4/14
  8324 | D:10     | Noticed Josephine
  8345 | D:11     | Identified a scroll of acquirement
  8346 | D:11     | Got a scorched longbow
  8400 | D:11     | Reached skill level 1 in Invocations
  8416 | D:11     | Noticed a seven-headed hydra
  8419 | D:11     | Found a labyrinth entrance.
  8427 | D:11     | Killed a two-headed hydra
  8436 | D:11     | Noticed a hill giant
  8444 | Lab      | Entered a labyrinth
  8491 | Lab      | Reached skill level 12 in Fighting
  9191 | Lab      | Noticed a minotaur
  9201 | Lab      | Killed a minotaur
  9201 | Lab      | Reached ***** piety under Okawaru
  9511 | Lab      | Got a pitted diamond amulet
  9546 | D:11     | Killed a hill giant
  9683 | D:11     | Noticed a centaur warrior
  9698 | D:11     | Killed a centaur warrior
 10103 | D:11     | Noticed Urug
 10118 | D:11     | Killed Urug
 10118 | D:11     | Received a gift from Okawaru
 10533 | D:12     | Noticed a wizard
 10534 | D:12     | Noticed an orc knight
 10559 | D:12     | Killed an orc knight
 10565 | D:12     | Killed a wizard
 10594 | D:12     | Noticed a deep elf knight
 10616 | D:12     | Killed a deep elf knight
 10616 | D:12     | Reached XP level 12. HP: 113/113 MP: 12/15
 10620 | D:12     | Reached skill level 13 in Fighting
 10671 | D:12     | Found a staircase to the Orcish Mines.
 10884 | D:12     | Reached skill level 10 in Armour
 11103 | D:12     | Noticed a centaur warrior
 11122 | D:12     | Killed a centaur warrior
 11308 | Orc:1    | Entered Level 1 of the Orcish Mines
 11381 | Orc:2    | Entered Level 2 of the Orcish Mines
 11540 | Orc:2    | Paralysed by an orc sorcerer for 7 turns
 11545 | Orc:2    | HP: 3/115 [sixfirhy[an orc sorcerer] (10)]
 11545 | Orc:2    | Slain by a sixfirhy

Skill      XL: |  1  2  3  4  5  6  7  8  9 10 11 12 |
---------------+-------------------------------------+-----
Dodging        | 1 2 3 4 5 6 7 8 |  8.2
Axes           | 3 4 5 6 8 9 |  9.8
Fighting       | 4 5 6 7 8 10 11 12 13 | 13.4
Shields        | 4 5 6 7 8 9 |  9.9
Armour         | 4 5 6 7 8 9 10 | 10.1
Evocations     | 2 3 4 5 6 |  6.0
Invocations    | 3 |  3.9

Action                   |  1- 3 |  4- 6 |  7- 9 | 10-12 || total
-------------------------+-------+-------+-------+-------++-------
Melee: War axe           |    90 |   133 |    36 |       ||   259
       Headbutt          |    10 |    26 |    53 |   106 ||   195
       Hand axe          |       |       |   321 |   524 ||   845
Invok: Heroism           |       |       |       |    18 ||    18
       Finesse           |       |       |       |     2 ||     2
 Abil: Evoke Berserk Rag |       |     4 |     2 |    10 ||    16
Evoke: Wand              |       |       |     2 |       ||     2
  Use: Scroll            |     6 |     2 |     7 |     5 ||    20
       Potion            |       |       |     1 |       ||     1
  Eat: Fruit             |     1 |     2 |     2 |     3 ||     8
       Royal jelly       |       |     1 |       |       ||     1
       Bread ration      |       |     1 |     3 |     5 ||     9
       Beef jerky        |       |       |     1 |     1 ||     2
       Pizza             |       |       |       |     1 ||     1
Armor: Scale mail        |    44 |     3 |       |       ||    47
       Plate armour      |       |    73 |   179 |   210 ||   462
Dodge: Dodged            |    41 |    22 |    66 |   144 ||   273
Block: Shield            |    45 |    59 |   191 |   296 ||   591
